 Dungeon Crawl Stone Soup version 0.28-a0-1524-ge72afd5fc6 (webtiles) character file.

Game seed: 13096729295873251858

889 comborobin the Grappler (level 8, 0/52 HPs)
             Began as an Octopode Cinder Acolyte on Jan 18, 2022.
             Was an Elder of Ignis.
             Slain by a sky beast (6 damage)
             ... on level 6 of the Dungeon.
             The game lasted 00:04:14 (3620 turns).

comborobin the Grappler (Octopode Cinder Acolyte)   Turns: 3620, Time: 00:04:15

Health: 0/52       AC:  1    Str: 14    XL:     8   Next: 6%
Magic:  9/9        EV: 12    Int: 18    God:    Ignis [****..]
Gold:   192        SH:  0    Dex:  7    Spells: 9/9 levels left

rFire   + . .      SeeInvis .     - Unarmed
rCold   . . .      Faith    .   (no shield)
rNeg    . . .      Spirit   .   (helmet restricted)
rPois   .          Reflect  .   c - amulet of regeneration
rElec   .          Harm     .   (no ring)
rCorr   .          Rampage  .   (no ring)
Will    .....                   (no ring)
Stlth   ++........              (no ring)
HPRegen 0.97/turn               (no ring)
MPRegen 0.11/turn               (no ring)
                                (no ring)
                                (no ring)

@: no status effects
A: almost no armour, amphibious, 8 rings, camouflage 1, gelatinous body 1,
(nimble swimmer 1), tentacles
a: Renounce Religion, Fiery Armour, Foxfire Swarm, Rising Flame


You were on level 6 of the Dungeon.
You worshipped Ignis.
Ignis was greatly pleased with you.
You visited 1 branch of the dungeon, and saw 6 of its levels.

You collected 192 gold pieces.

Inventory:

Hand Weapons
 n - a +3 quarterstaff of chaos
Missiles
 b - 15 poisoned darts (quivered)
 i - 3 curare-tipped darts
Jewellery
 c - an amulet of regeneration (around mantle)
Wands
 p - a wand of flame (22)
Scrolls
 a - 2 scrolls of torment {unknown}
 d - a scroll of enchant weapon {unknown}
 f - a scroll of brand weapon {unknown}
 g - 2 scrolls of identify {unknown}
 h - a scroll of fear {unknown}
 l - a scroll of magic mapping {unknown}
 m - 2 scrolls of teleportation {unknown}
Potions
 e - a potion of mutation {unknown}
 j - a potion of flight {unknown}
 k - a potion of brilliance {unknown}
 o - a potion of attraction {unknown}


   Skills:
 - Level 3.0 Fighting
 + Level 9.4 Unarmed Combat
 - Level 1.0 Spellcasting
 - Level 3.0 Fire Magic


You had 9 spell levels left.
You didn't know any spells.
Your spell library contained the following spells:

 Spells                   Type           Power      Damage    Failure   Level
 Scorch                   Fire           22%        2d6       9%          2
 Animate Skeleton         Necr           0%         N/A       21%         1
 Pain                     Necr           0%         1d4       21%         1
 Slow                     Hex            0%         N/A       21%         1
 Ensorcelled Hibernation  Hex/Ice        0%         N/A       30%         2
 Poisonous Vapours        Pois/Air       0%         N/A       30%         2
 Vampiric Draining        Necr           0%         2d6       52%         3
 Summon Lightning Spire   Summ/Air       0%         N/A       89%         4


Dungeon Overview and Level Annotations

Branches:
Dungeon (6/15)
 Temple: D:4-7

Altars:
Cheibriados
Hepliaklqana
Kikubaaqudgha
Sif Muna
Wu Jian

Shops:
D:5 [

Annotations:
D:3 2 runed translucent doors, bastard's ghost, amateur DjGl
D:4 1 runed translucent door, croobank's ghost, novice FoVM


Innate Abilities, Weirdness & Mutations

You cannot wear most types of armour.
You are amphibious.
You can wear up to eight rings at the same time.
Your skin changes colour to match your surroundings (Stealth+).
Your rubbery body absorbs attacks. (AC +1, EV +1)
((You are camouflaged when in or above water. (Stealth+)))
You have tentacles for arms and can constrict up to eight enemies at once.


Message History

You bludgeon the howler monkey! You tentacle-slap the howler monkey.
You kill the howler monkey!
You closely miss the sky beast. Your squeeze misses the sky beast.
The sky beast hits you. The sky beast shocks you.
You tentacle-slap the sky beast. You squeeze the sky beast!
The sky beast is heavily wounded.
The sky beast hits you. The sky beast shocks you.
You tentacle-slap the sky beast.
The sky beast is heavily wounded.
You barely miss the sky beast. Your squeeze misses the sky beast.
The sky beast is heavily wounded.
The sky beast flickers out of sight!
Deactivating autopickup; reactivate with Ctrl-A.
Something hits you. Something shocks you.
No target in view!
No target in view!
A sky beast appears from thin air!
Reactivating autopickup.
The sky beast barely misses you.
You closely miss the sky beast. Your squeeze misses the sky beast.
The sky beast is heavily wounded.
The sky beast hits you. The sky beast shocks you.
You miss the sky beast.
The sky beast is heavily wounded.
The sky beast hits you. The sky beast shocks you.
You bludgeon the sky beast!
The sky beast is almost dead.
The sky beast hits you.
* * * LOW HITPOINT WARNING * * *
The sky beast shocks you.
* * * LOW HITPOINT WARNING * * *
Okay, then.
You closely miss the sky beast. You tentacle-slap the sky beast.
The sky beast is almost dead.
You barely miss the sky beast. Your squeeze misses the sky beast.
The sky beast is almost dead.
The sky beast hits you.
* * * LOW HITPOINT WARNING * * *
The sky beast shocks you.
You die...

##### #...##
##.....##
##.......##
##..♣.♣....#.
#............
#.♣Y....♣....
#.@..<......#
#.#.......#.##
#.##.....## ..
####### ...
.... ##...
##..


You could see a sky beast.

Vanquished Creatures
  An orc warrior (D:5)
  A wyvern zombie (D:5)
  4 scorpions
  A water moccasin zombie (D:5)
  2 howler monkeys
  Crazy Yiuf (D:4)
  3 orc priests
  2 orc wizards (D:5)
  A hound skeleton (D:4)
  A hound zombie (D:5)
  Robin (D:4)
  3 gnolls (D:4)
  4 adders
  An adder zombie (D:5)
  A dart slug (D:2)
  9 orcs
  3 ball pythons (D:2)
  2 bats
  5 endoplasms
  12 goblins
  9 hobgoblins
  10 jackals
  5 quokkas
  A frilled lizard (D:3)
  4 kobolds
  2 rats (D:3)
89 creatures vanquished.

Vanquished Creatures (others)
  17 foxfires (D:5)
  2 withered plants (D:4)
19 creatures vanquished.

Grand Total: 108 creatures vanquished

Notes
Turn   | Place    | Note
-------+----------+-------------------------------------------
     0 | D:1      | comborobin the Octopode Cinder Acolyte began the quest for
                  | the Orb.
     0 | D:1      | Reached XP level 1. HP: 16/16 MP: 2/2
     5 | D:2      | Found a faded altar of an unknown god.
    92 | D:2      | Reached XP level 2. HP: 21/21 MP: 3/3
   419 | D:2      | Reached skill level 4 in Unarmed Combat
   488 | D:2      | Reached XP level 3. HP: 26/26 MP: 4/4
   962 | D:3      | Reached XP level 4. HP: 31/31 MP: 5/5
   964 | D:3      | Found a runed translucent door.
   967 | D:3      | Noticed bastard's ghost (amateur DjGl)
  1069 | D:3      | Reached skill level 5 in Unarmed Combat
  1347 | D:3      | Found a runed translucent door.
  1397 | D:4      | Noticed a scorpion
  1406 | D:4      | Killed a scorpion
  1407 | D:4      | Reached skill level 6 in Unarmed Combat
  1407 | D:4      | Reached XP level 5. HP: 31/36 MP: 6/6
  1463 | D:4      | Reached XP level 6. HP: 35/42 MP: 7/7
  1501 | D:4      | Found a runed translucent door.
  1557 | D:4      | Found an ancient bone altar of Kikubaaqudgha.
  1652 | D:4      | Reached skill level 7 in Unarmed Combat
  1685 | D:4      | Got Nalihol's Papyrus of Curses and Flight
  1700 | D:4      | Noticed croobank's ghost (novice FoVM)
  1833 | D:4      | Noticed Robin
  1854 | D:4      | Killed Robin
  1902 | D:4      | Found a runed translucent door.
  1903 | D:4      | Noticed Crazy Yiuf
  2185 | D:4      | Found an ornate altar of the Wu Jian Council.
  2395 | D:4      | Killed Crazy Yiuf
  2554 | D:4      | Reached XP level 7. HP: 13/46 MP: 8/8
  2654 | D:4      | Found a snail-covered altar of Cheibriados.
  2718 | D:5      | Entered Level 5 of the Dungeon
  2732 | D:5      | Reached skill level 8 in Unarmed Combat
  2775 | D:5      | Reached skill level 9 in Unarmed Combat
  2887 | D:5      | Reached XP level 8. HP: 51/52 MP: 9/9
  2975 | D:5      | Found a hazy altar of Hepliaklqana.
  3389 | D:5      | Found Wocle's Armour Shop.
  3526 | D:5      | Found a shimmering blue altar of Sif Muna.
  3620 | D:6      | Slain by a sky beast

Illustrated notes

Levels and vault maps discovered:
D:1:      dpeg_arrival_tiny_k, layout_loops_ring
D:2:      layout_basic, dreamdust_ecumenical_altar_grove, minivault_11,
          nicolae_concentric_dashed_squares_wild
D:3:      layout_loops_ring, ebering_ghost_sewer_f
D:4:      layout_loops_ring, kiku_gazebo_garden_becter,
          nicolae_wu_jian_glorious_leap, lemuel_round_altar,
          gammafunk_ghost_grave, uniq_robin, uniq_crazy_yiuf_cottage
D:5:      layout_layer_cave, nicolae_overflow_hidden_temple, serial_shops,
          kennysheep_mini
D:6:      layout_cave_pools, minmay_temple_entry_hall,
          corexii_item_surrounded_by_moat, supply_closet_lemuel,
          grunt_ministairs_9, hex_tiny

Skill      XL: |  1  2  3  4  5  6  7 |
---------------+----------------------+-----
Unarmed Combat | 4 6 7 9 |  9.4
Fighting       | |  3.0
Spellcasting   | |  1.0
Fire Magic     | |  3.0

Action                   |  1- 3 |  4- 6 |  7- 9 || total
-------------------------+-------+-------+-------++-------
Melee: Unarmed           |    69 |    93 |    47 ||   209
       Constrict         |    15 |    26 |    11 ||    52
       Tentacles         |    12 |    20 |    14 ||    46
       Punch             |       |     6 |     4 ||    10
Throw: Dart              |     3 |     1 |       ||     4
Invok: Foxfire Swarm     |       |       |     3 ||     3
  Use: Potion            |       |       |     2 ||     2
 Stab: Sleeping          |     4 |     3 |     2 ||     9
       Distracted        |     1 |       |       ||     1
Armor: Skin              |     1 |     6 |       ||     7
Dodge: Dodged            |    33 |    40 |    14 ||    87

Table legend: (Time is in decaauts)
 A = Elapsed time spent in this place.
 B = Non-inter-level travel time spent in this place.
 C = Inter-level travel time spent in this place.
 D = Time resting spent in this place.
 E = Time spent auto-exploring this place.
 F = Levels seen in this place.
 G = Mean time per level.
                   A        B        C        D        E       F      G
               +--------+--------+--------+--------+--------+-----+--------+
         Total |   3603 |   3384 |    219 |    201 |   2550 |   6 |  600.5 |
       Dungeon |   3603 |   3384 |    219 |    201 |   2550 |   6 |  600.5 |
               +--------+--------+--------+--------+--------+-----+--------+

Top non-repeatable levels by time:
     D:4: 1318 daAuts
     D:5: 884 daAuts
     D:2: 770 daAuts
     D:3: 610 daAuts
     D:6: 18 daAuts
     D:1: 2 daAuts
